 Dungeon Crawl Stone Soup version 0.29.0-4-gdea44cf6ec (webtiles) character file.

Game seed: 17389199276513523960

87 qw the Chopper (level 4, -2/26 HPs)
             Began as a Tengu Warper on Aug 28, 2022.
             Killed from afar by Natasha (10 damage)
             ... with a magic dart
             ... on level 3 of the Dungeon.
             The game lasted 00:00:13 (2321 turns).

qw the Chopper (Tengu Warper)                       Turns: 2321, Time: 00:00:13

Health: -2/26      AC:  6    Str: 13    XL:     4   Next: 51%
Magic:  17/17      EV:  9    Int: 14    God:
Gold:   113        SH:  0    Dex: 13    Spells: 7/7 levels left

rFire   + . .      SeeInvis .   Y - +1 hand axe
rCold   . . .      Faith    .   (no shield)
rNeg    . . .      Spirit   .   j - +0 scale mail
rPois   .          Reflect  .   (helmet restricted)
rElec   .          Harm     .   (no cloak)
rCorr   .          Rampage  .   (no gloves)
Will    .....                   (boots unavailable)
Stlth   ..........              (no amulet)
HPRegen 0.08/turn               a - ring "Boessyd" {rF+ MP+9}
MPRegen 0.15/turn               (no ring)

@: no status effects
A: beak, talons 3
a: no special abilities


You were on level 3 of the Dungeon.
You visited 1 branch of the dungeon, and saw 3 of its levels.

You collected 113 gold pieces.


Innate Abilities, Weirdness & Mutations

You have a beak for a mouth.
You have claws for feet.


   Skills:
 - Level 2.0 Fighting
 + Level 5.1 Axes
 - Level 1.0 Throwing
 - Level 1.1 Armour
 - Level 2.1 Dodging
 - Level 2.0 Spellcasting
 - Level 2.4 Translocations


You had 7 spell levels left.
You didn't know any spells.
Your spell library contained the following spells:

 Spells                   Type           Power      Damage    Failure   Level
 Blink                    Tloc           16%        N/A       54%         2
 Gell's Gravitas          Tloc           8%         N/A       78%         3
 Lesser Beckoning         Tloc           8%         N/A       78%         3
 Teleport Other           Tloc           8%         N/A       78%         3
 Manifold Assault         Tloc           8%         N/A       100%        5

Inventory:

Hand Weapons
 d - a +0 whip
 Y - a +1 hand axe (weapon)
Armour
 e - a +0 plate armour
 j - a +0 scale mail (worn)
Jewellery
 a - the ring "Boessyd" (left hand) {rF+ MP+9}
   (You acquired it on level 2 of the Dungeon)

   [ring of magical power]

   rF:        It protects you from fire.
   MP:        It affects your magic capacity (+9).
Scrolls
 c - a scroll of enchant armour {unknown}
Potions
 b - a potion of curing {unknown}
 k - a potion of degeneration {unknown}
 l - a potion of haste {unknown}

Dungeon Overview and Level Annotations

Branches:
Dungeon (3/15)

Altars:

Annotations:
D:3 Natasha


Message History

Natasha mumbles some strange words.
Natasha's front paws start to glow.
The white imp closely misses you.
You closely miss the white imp. Your kick misses the white imp.
You peck the white imp.
You kill the white imp!
The white imp disappears in a puff of smoke!
You hit Natasha. Your kick misses Natasha.
Natasha is lightly wounded.
Natasha wildly gestures.
You feel troubled. Natasha claws you but does no damage.
The crimson imp blinks!
Natasha barely misses you.
You closely miss Natasha. Your kick misses Natasha.
You peck Natasha, but do no damage.
Natasha is lightly wounded.
Natasha stares at you and mumbles some strange words.
You resist with some effort.
You hit Natasha but do no damage. You claw Natasha. You peck Natasha.
Natasha is heavily wounded.
Natasha barely misses you.
You hit Natasha.
Natasha is almost dead.
Natasha claws you.
You hit Natasha but do no damage. Your kick misses Natasha.
Your peck misses Natasha.
Natasha is almost dead.
Natasha barely misses you.
You barely miss Natasha.
Natasha is almost dead.
The crimson imp blinks!
Natasha claws you.
You closely miss Natasha. You claw Natasha.
Natasha is almost dead.
The crimson imp shouts, "Fly, thou bootless beak-witted dingleberry!"
Natasha casts a spell.
You completely miss Natasha. Your kick misses Natasha.
Natasha is almost dead.
Natasha stares at you and mumbles some strange words.
The magic dart hits you!
You die...

###########
..5.5.h@..##############
#########.........)....#
##############.# ##.#
#### ##..# ....)##..##
####....### ...........
###..######


You could see Natasha and 2 crimson imps.

Vanquished Creatures
  3 adders (D:2)
  2 worms (D:2)
  A dart slug (D:2)
  6 ball pythons
  4 bats
  6 endoplasms
  5 goblins
  3 hobgoblins
  3 jackals (D:1)
  8 kobolds
  2 quokkas
  A frilled lizard (D:2)
  4 rats
48 creatures vanquished.

Notes
Turn   | Place    | Note
-------+----------+-------------------------------------------
     0 | D:1      | qw the Tengu Warper began the quest for the Orb.
     0 | D:1      | Reached XP level 1. HP: 12/12 MP: 4/4
     0 | D:1      | 0 ||| qw: Version: 0.1-a-89-g26bdef1
     0 | D:1      | 0 ||| qw: Game counter: 3253
     0 | D:1      | 0 ||| qw: Always use a shield: true
     0 | D:1      | 0 ||| qw: God list: Okawaru
     0 | D:1      | 0 ||| qw: Allow faded altars: false
     0 | D:1      | 0 ||| qw: Do Orc after D:15 true
     0 | D:1      | 0 ||| qw: Do second Lair branch before Depths: true
     0 | D:1      | 0 ||| qw: Lair rune preference: random
     0 | D:1      | 0 ||| qw: Plans: Normal
     0 | D:1      | 0 ||| PLANNING D:1-11
    63 | D:1      | HP: 3/12 [constriction (1)]
    65 | D:1      | Reached XP level 2. HP: 5/17 MP: 6/6
   357 | D:1      | Reached skill level 3 in Axes
   357 | D:1      | 357 ||| Stepping ~*~*~tactically~*~*~ (stealth).
   988 | D:1      | Reached XP level 3. HP: 20/21 MP: 7/7
  1000 | D:1      | 1000 ||| Stepping ~*~*~tactically~*~*~ (stealth).
  1002 | D:1      | 1002 ||| Stepping ~*~*~tactically~*~*~ (stealth).
  1064 | D:1      | 1064 ||| UPGRADING to +0 ring mail.
  1074 | D:1      | 1074 ||| DROPPING +0 leather armour.
  1075 | D:1      | 1075 ||| UPGRADING to +0 scale mail.
  1085 | D:1      | 1085 ||| DROPPING +0 ring mail.
  1086 | D:1      | 1086 ||| READING scroll labelled OPRARR QIBICWA.
  1087 | D:1      | 1087 ||| READING scroll labelled MEIGRO RUXTE.
  1088 | D:1      | 1088 ||| READING scroll labelled ZOUVVICZOI.
  1093 | D:1      | 1093 ||| READING scroll labelled NAUNUT QINUERA.
  1094 | D:1      | 1094 ||| DRINKING 2 orange potions.
  1095 | D:1      | 1095 ||| DROPPING scroll of blinking.
  1096 | D:1      | 1096 ||| DROPPING potion of flight.
  1212 | D:2      | 1212 ||| Stepping ~*~*~tactically~*~*~ (stealth).
  1213 | D:2      | 1213 ||| Stepping ~*~*~tactically~*~*~ (stealth).
  1222 | D:2      | Reached skill level 4 in Axes
  1489 | D:2      | Reached XP level 4. HP: 26/26 MP: 8/8
  1995 | D:2      | 1995 ||| Stepping ~*~*~tactically~*~*~ (stealth).
  2008 | D:2      | Reached skill level 5 in Axes
  2136 | D:2      | 2136 ||| READING scroll labelled ESUTZE WUBLOYR.
  2137 | D:2      | 2137 ||| READING scroll labelled XOMAXTITOE.
  2137 | D:2      | Identified a scroll of acquirement
  2137 | D:2      | 2137 ||| ACQUIRING ring "Boessyd" {rF+ MP+9}
  2137 | D:2      | Acquired the ring "Boessyd" {rF+ MP+9}
  2139 | D:2      | 2139 ||| UPGRADING to ring "Boessyd" {rF+ MP+9}.
  2301 | D:3      | Noticed Natasha
  2321 | D:3      | Killed from afar by Natasha

Levels and vault maps discovered:
D:1:      giann_wishing_wells, layout_basic, serial_glass, glass_columns_a,
          glass_columns_a, glass_columns_a, glass_columns_a, glass_columns_a,
          item_on_display_a, feat_on_display, minmay_strange_pillars,
          kennysheep_another_room, st_stairs_3
D:2:      layout_basic, minmay_misc_feat_rows
D:3:      layout_rooms, gammafunk_ghost_necromancy, uniq_natasha

Skill      XL: |  1  2  3  4 |
---------------+-------------+-----
Axes           | 3 4 5 |  5.1
Fighting       | |  2.0
Throwing       | |  1.0
Armour         | |  1.1
Dodging        | |  2.1
Spellcasting   | |  2.0
Translocations | |  2.4

Action                   |  1- 3 |  4- 6 || total
-------------------------+-------+-------++-------
Melee: Hand axe          |    70 |    46 ||   116
       Kick              |    14 |    10 ||    24
       Peck              |     2 |     9 ||    11
       Punch             |     1 |     1 ||     2
Throw: Boomerang         |     7 |       ||     7
  Use: Scroll            |     4 |     2 ||     6
       Potion            |     1 |       ||     1
Armor: Leather armour    |    11 |       ||    11
       Scale mail        |     7 |    18 ||    25
Dodge: Dodged            |    31 |     9 ||    40

Table legend:
 A = Non-vault XP
 B = Vault XP
 C = Vault XP percentage of total XP
 D = Non-vault monster count
 E = Vault monster count
 F = Vault count percentage of total count
                 A         B        C        D         E       F
            +---------+---------+-------+---------+---------+-------
      Total |     121 |       4 |   3.2 |      45 |       3 |   6.2
            +---------+---------+-------+---------+---------+-------
        D:1 |      34 |       4 |  10.5 |      20 |       3 |  13.0
        D:2 |      83 |       0 |   0.0 |      23 |       0 |   0.0
        D:3 |       4 |       0 |   0.0 |       2 |       0 |   0.0
            +---------+---------+-------+---------+---------+-------
